 Dungeon Crawl Stone Soup version 0.29-a0-322-g68df515428 (webtiles) character file.

Game seed: 17010088627909673227

1080 Ajdolov the Poker (level 8, -10/64 HPs)
             Began as a Demonspawn Fighter on Apr 7, 2022.
             Mangled by a two-headed ogre
             ... wielding a +0 giant club
              (24 damage)
             ... on level 5 of the Dungeon.
             The game lasted 00:06:00 (3935 turns).

Ajdolov the Poker (Demonspawn Fighter)              Turns: 3935, Time: 00:06:01

Health: -10/64     AC: 10    Str: 19    XL:     8   Next: 8%
Magic:  0/10       EV:  6    Int: 10    God:
Gold:   331        SH:  4    Dex: 12    Spells: 7/7 levels left

rFire   . . .      SeeInvis .   a - +0 trident
rCold   . . .      Faith    .   c - +0 buckler
rNeg    . . .      Spirit   +   f - +0 chain mail
rPois   .          Reflect  .   (no helmet)
rElec   .          Harm     .   (no cloak)
rCorr   .          Rampage  .   (no gloves)
Will    .....                   (no boots)
Stlth   ..........              w - amulet of guardian spirit
HPRegen 0.20/turn               (no ring)
MPRegen 0.12/turn               (no ring)

@: no status effects
A: hooves 1, molten scales 1, spiny 3
a: no special abilities


You were on level 5 of the Dungeon.
You visited 1 branch of the dungeon, and saw 5 of its levels.
You also visited: Sewer.

You collected 331 gold pieces.

Inventory:

Hand Weapons
 a - a +0 trident (weapon)
Armour
 c - a +0 buckler (worn)
 f - a +0 chain mail (worn)
Jewellery
 w - an amulet of guardian spirit (around neck)
Wands
 x - a wand of acid (20)
Scrolls
 b - a scroll of summoning {unknown}
 g - a scroll of fear {unknown}
 h - a scroll of silence {unknown}
 j - 2 scrolls of enchant armour {unknown}
 l - 2 scrolls of teleportation {unknown}
 m - 2 scrolls of vulnerability {unknown}
 o - a scroll of noise {unknown}
 r - 2 scrolls of immolation {unknown}
 s - a scroll of holy word {unknown}
 t - a scroll of identify {unknown}
Potions
 d - 2 potions of might
 e - 6 potions of curing {unknown}
 i - 2 potions of magic {unknown}
 k - a potion of ambrosia {unknown}
 n - 2 potions of mutation {unknown}
 p - a potion of cancellation {unknown}
 q - 2 potions of haste {unknown}
 u - 2 potions of degeneration {unknown}
 v - a potion of attraction {unknown}
 z - a potion of invisibility {unknown}


   Skills:
 + Level 6.0 Fighting
 * Level 7.0 Polearms
 - Level 2.6 Armour
 - Level 2.6 Shields
 + Level 3.4 Invocations


You had 7 spell levels left.
You didn't know any spells.
Your spell library contained the following spells:

 Spells                   Type           Power      Damage    Failure   Level
 Stone Arrow              Conj/Erth      0%         3d7       100%        3
 Animate Armour           Summ/Erth      0%         N/A       100%        4
 Lehudib's Crystal Spear  Conj/Erth      0%         10d2      100%        8


Dungeon Overview and Level Annotations

Branches:
Dungeon (5/15)              Sewer (visited)
 Temple: D:4-7

Altars:
Vehumet
Zin


Innate Abilities, Weirdness & Mutations

You have large cloven feet.
You are partially covered in molten scales. (AC +2)
You are completely covered in sharp spines.


Message History

Your Polearms skill increases to level 7!
You have reached level 8!
You feel clever.
You see here a hound corpse.
You now have 300 gold pieces (gained 12).
You now have 317 gold pieces (gained 17).
x - a wand of acid (20) (gained 15 charges)
You now have 331 gold pieces (gained 14).
m - 2 scrolls labelled RUMMEDWOINK (gained 1)
A two-headed ogre comes into view. It is wielding two +0 giant clubs.
The two-headed ogre shouts in stereo!
An iguana comes into view.
The two-headed ogre moves out of view.
The iguana hisses angrily.
Okay, then.
Reach: a) +0 trident
Press: ? - help, Dir - move target, f - two-headed ogre
Aim: a two-headed ogre, wielding two +0 giant clubs (about 23% to evade your +0 trident)
You hit the two-headed ogre. Your kick misses the two-headed ogre.
The two-headed ogre is lightly wounded.
The two-headed ogre hits you with a +0 giant club!!
The two-headed ogre hits you with a +0 giant club.
Reach: a) +0 trident
Press: ? - help, Dir - move target, f/p - two-headed ogre
Aim: a two-headed ogre, wielding two +0 giant clubs (lightly wounded, about 23% to evade your +0 trident)
You completely miss the two-headed ogre.
You kick the two-headed ogre.
The two-headed ogre is lightly wounded.
The iguana bites you but does no damage.
Reach: a) +0 trident
Press: ? - help, Dir - move target, f/p - two-headed ogre
Aim: a two-headed ogre, wielding two +0 giant clubs (lightly wounded, about 23% to evade your +0 trident)
You hit the two-headed ogre.
You kick the two-headed ogre, but do no damage.
The two-headed ogre is lightly wounded.
The two-headed ogre is struck by your spines.
The two-headed ogre hits you with a +0 giant club!!
* * * LOW HITPOINT WARNING * * *
The two-headed ogre hits you with a +0 giant club!!
You die...

...# ##.#
#...# #.#
#..# #.# ..#
#.# . #.##
#..## #...##
###
##...###....#
##..@O......
##.l.......
##........
#........
........^
........#
.......##
.......##


You could see a two-headed ogre and an iguana.

Vanquished Creatures
  Grinder (Sewer)
  2 black bears
  2 necrophages
  2 wights (Sewer)
  A howler monkey (D:5)
  A gnoll shaman (D:4)
  A jelly (D:4)
  2 hounds (D:5)
  An iguana (D:4)
  6 gnolls
  9 adders
  7 shadow imps
  An ufetubus (Sewer)
  A worm (D:2)
  2 dart slugs (D:2)
  5 ball pythons
  9 bats
  6 endoplasms
  8 giant cockroaches
  4 hobgoblins
  3 jackals (D:4)
  18 kobolds
  4 quokkas
  4 frilled lizards
  A giant cockroach zombie (Sewer)
  9 goblins
  2 kobold zombies (Sewer)
  7 rats
119 creatures vanquished.

Notes
Turn   | Place    | Note
-------+----------+-------------------------------------------
     0 | D:1      | Ajdolov the Demonspawn Fighter began the quest for the Orb.
     0 | D:1      | Reached XP level 1. HP: 18/18 MP: 1/1
    26 | D:1      | Reached skill level 2 in Polearms
   188 | D:1      | Gained mutation: You are partially covered in sharp spines.
                  | [demonic ancestry]
   188 | D:1      | Reached XP level 2. HP: 24/24 MP: 2/2
   690 | D:2      | Reached XP level 3. HP: 29/29 MP: 3/3
   878 | D:2      | Reached skill level 3 in Polearms
  1464 | D:3      | Gained mutation: You are partially covered in molten
                  | scales. (AC +2) [demonic ancestry]
  1464 | D:3      | Reached XP level 4. HP: 35/37 MP: 4/4
  1703 | D:3      | Found a glowing drain.
  1714 | Sewer    | Entered a sewer
  1787 | Sewer    | Reached skill level 4 in Polearms
  1849 | Sewer    | Gained mutation: You have large cloven feet. [demonic
                  | ancestry]
  1849 | Sewer    | Reached XP level 5. HP: 39/42 MP: 5/5
  1976 | Sewer    | Found an ancient bone altar of Kikubaaqudgha.
  2014 | Sewer    | Gained mutation: You are mostly covered in sharp spines.
                  | [demonic ancestry]
  2014 | Sewer    | Reached XP level 6. HP: 41/49 MP: 6/6
  2109 | Sewer    | Reached skill level 5 in Polearms
  2144 | Sewer    | Noticed Grinder
  2151 | Sewer    | Killed Grinder
  2152 | Sewer    | Reached skill level 5 in Fighting
  2152 | Sewer    | Gained mutation: You are completely covered in sharp
                  | spines. [demonic ancestry]
  2152 | Sewer    | Reached XP level 7. HP: 46/56 MP: 7/7
  3022 | D:4      | Found a radiant altar of Vehumet.
  3040 | D:4      | Reached skill level 6 in Polearms
  3040 | D:4      | Reached skill level 1 in Invocations
  3360 | D:5      | Entered Level 5 of the Dungeon
  3734 | D:5      | Reached skill level 7 in Polearms
  3734 | D:5      | Reached XP level 8. HP: 51/64 MP: 7/10
  3930 | D:5      | Noticed a two-headed ogre
  3935 | D:5      | Mangled by a two-headed ogre

Illustrated notes

Levels and vault maps discovered:
D:1:      shiori_shiawase, layout_loops_cross, minmay_tiny_reverse_x
D:2:      layout_loops_cross
D:3:      layout_basic, lemuel_tele_altar, cheibrodos_sewer_entry_drain,
          grunt_decor_one_mirror
D:4:      layout_basic, nicolae_vehumet_altar_sigil
D:5:      layout_layer_cave, minmay_temple_entry_hall

Skill      XL: |  1  2  3  4  5  6  7 |
---------------+----------------------+-----
Polearms       | 2 3 4 5 7 |  7.0
Fighting       | 4 5 6 |  6.0
Invocations    | 3 |  3.4
Armour         | |  2.6
Shields        | |  2.6

Action                   |  1- 3 |  4- 6 |  7- 9 || total
-------------------------+-------+-------+-------++-------
Melee: Trident           |   100 |    98 |    96 ||   294
       Kick              |       |    13 |    23 ||    36
  Use: Potion            |       |     1 |       ||     1
Armor: Scale mail        |     5 |       |       ||     5
       Chain mail        |    23 |    34 |    46 ||   103
Dodge: Dodged            |    27 |    20 |    10 ||    57
Block: Buckler           |    17 |    13 |    28 ||    58

Table legend: (Time is in decaauts)
 A = Elapsed time spent in this place.
 B = Non-inter-level travel time spent in this place.
 C = Inter-level travel time spent in this place.
 D = Time resting spent in this place.
 E = Time spent auto-exploring this place.
 F = Levels seen in this place.
 G = Mean time per level.
                   A        B        C        D        E       F      G
               +--------+--------+--------+--------+--------+-----+--------+
         Total |   3983 |   3923 |     60 |    252 |   2860 |   6 |  663.8 |
       Dungeon |   3331 |   3271 |     60 |    252 |   2432 |   5 |  666.2 |
         Sewer |    652 |    652 |      0 |      0 |    428 |   1 |  652.0 |
               +--------+--------+--------+--------+--------+-----+--------+

Top non-repeatable levels by time:
     D:2: 779 daAuts
     D:3: 763 daAuts
     D:4: 754 daAuts
     D:1: 665 daAuts
   Sewer: 652 daAuts
     D:5: 368 daAuts
